Map: Jagannatha LE

Players

Pumba - Winner!

  • Race: Zerg Zerg
  • League: Master
  • Spawn Location: 1:00

IIIIIIIIIII

  • Race: Zerg Zerg
  • League: Master
  • Spawn Location: 7:00

VOD

Have the link to the VOD?

Description

Time

  • Played on: Sept. 21, 2021, 8:43 p.m.
  • Length: 11:40
Show
View Real Time Build Order
Export as new Build Order

Pumba Zerg - Winner!

Build Orders: Hatch First 

Get SALT Encoding   

  12  0:00  Drone  
  13  0:12  Overlord  
  13  0:18  Drone  
  14  0:34  Drone x2  
  16  0:53  Hatchery  
  16  0:55  Drone  
  16  0:59  Drone  
  16  1:02  Drone  
  18  1:10  Extractor  
  17  1:20  Spawning Pool  
  17  1:22  Drone  
  17  1:28  Drone  
  18  1:33  Drone  
  19  1:51  Drone  
  19  1:53  Overlord  
  20  2:07  Queen x2  
  20  2:08  Zergling x2  
  25  2:12  Drone  
  25  2:15  Drone  
  27  2:18  Metabolic Boost  
  28  2:22  Drone  
  28  2:26  Drone  
  28  2:29  Drone  
  30  2:37  Drone x2  
  32  2:49  Hatchery  
  31  2:54  Overlord  
  31  2:59  Drone x2  
  31  3:04  Drone  
  34  3:11  Zergling x2  
  34  3:12  Zergling x2  
  36  3:16  Zergling x6  
  39  3:23  Zergling x8  
  43  3:32  Overlord  
  42  3:37  Drone  
  42  3:38  Roach Warren  
  42  3:39  Drone  
  43  3:50  Queen  
  43  3:51  Overlord  
  43  3:55  Drone x5  
  48  4:10  Drone x4  
  48  4:11  Drone  
  48  4:16  Extractor  
  47  4:23  Extractor  
  47  4:24  Drone x4  
  49  4:25  Drone x2  
  49  4:26  Overlord, Evolution Chamber  
  51  4:33  Lair, Overlord  
  52  4:38  Drone x3  
  52  4:45  Roach x3  
  60  4:50  Evolution Chamber  
  60  4:52  Roach x2  
  63  5:01  Roach x3  
  70  5:08  Roach, Extractor  
  70  5:09  Roach x2  
  70  5:13  Zergling x8  
  77  5:21  Roach x2  
  81  5:37  Overseer  
  81  5:39  Drone  
  81  5:40  Overlord x3  
  81  5:41  Overlord  
  82  5:58  Queen x2  
  86  6:09  Drone x5  
  86  6:10  Drone x9  
  100  6:14  Zerg Missile Weapons Level 1  
  100  6:18  Queen  
  100  6:21  Glial Reconstitution  
  102  6:30  Drone x2  
  102  6:31  Overlord x2  
  104  6:33  Drone  
  104  6:37  Hatchery  
  104  6:40  Overlord  
  104  6:41  Overlord  
  104  6:46  Spire  
  106  7:01  Roach x8  
  99  7:16  Roach x8  
  103  7:27  Spine Crawler x3  
  103  7:29  Roach x4, Spine Crawler  
  107  7:36  Roach x2  
  111  7:44  Roach x3  
  111  7:50  Roach  
  119  7:57  Overlord  
  119  7:59  Mutalisk x8  
  119  8:04  Drone x3  
  138  8:27  Hatchery x2  
  137  8:31  Extractor  
  137  8:33  Zerg Missile Weapons Level 2  
  135  8:35  Extractor  
  135  8:37  Roach  
  135  8:38  Roach x5  
  146  8:43  Overlord  
  146  8:44  Overlord  
  144  9:15  Roach x10  
  160  9:26  Roach x2  
  160  9:27  Overlord x3  
  164  9:39  Roach x3  
  164  9:43  Hydralisk Den  
  173  9:53  Roach x5  
  177  10:02  Roach x3  
  177  10:09  Evolution Chamber  
  177  10:12  Roach x3  
  182  10:19  Roach  
  182  10:20  Roach x3  
  184  10:31  Roach x2  
  184  10:32  Roach x3  
  186  10:39  Ravager x3  
  189  10:48  Ravager x4  
  189  10:49  Ravager x3  
  196  10:50  Ravager x2  
  196  10:51  Ravager  
Show
View Real Time Build Order
Export as new Build Order

IIIIIIIIIII Zerg 

Build Orders: Hatch First 

Get SALT Encoding   

  12  0:00  Drone  
  13  0:13  Overlord  
  13  0:16  Drone  
  14  0:31  Drone x2  
  16  0:36  Drone  
  17  0:51  Hatchery  
  16  0:57  Drone  
  16  0:59  Drone  
  18  1:11  Extractor  
  17  1:14  Spawning Pool  
  17  1:18  Drone  
  17  1:20  Drone  
  18  1:29  Drone  
  19  1:42  Overlord  
  19  2:02  Queen  
  19  2:03  Queen  
  19  2:04  Drone x3  
  26  2:14  Drone x2  
  28  2:23  Drone  
  28  2:24  Metabolic Boost  
  29  2:36  Drone x3  
  32  2:40  Queen  
  34  2:44  Overlord  
  34  2:52  Drone  
  35  3:02  Overlord  
  35  3:14  Drone x2  
  35  3:15  Drone x3  
  40  3:39  Zergling x6  
  43  3:48  Evolution Chamber  
  43  3:50  Evolution Chamber  
  43  3:52  Queen, Roach Warren, Spine Crawler  
  41  4:05  Zergling x6  
  42  4:21  Zergling x2  
  42  4:22  Zergling x6, Overlord x2  
  46  4:24  Drone  
  46  4:25  Drone x2  
  49  4:33  Extractor  
  49  4:36  Drone x2  
  50  4:52  Drone, Extractor  
  51  4:53  Drone x2  
  51  4:54  Extractor  
  50  5:07  Drone  
  50  5:08  Drone x5  
  51  5:25  Zergling x6  
  51  5:26  Zergling x2  
  53  5:30  Drone x2  
  53  5:33  Zerg Missile Weapons Level 1  
  53  5:34  Zerg Ground Armor Level 1  
  55  5:44  Lair  
  55  5:57  Roach  
  55  5:58  Roach x3, Overlord x4  
  59  6:11  Roach x2, Hatchery  
  59  6:12  Roach x2  
  66  6:24  Roach x4  
  74  6:29  Roach  
  74  6:30  Hatchery, Roach x2  
  79  6:34  Roach  
  81  6:43  Glial Reconstitution  
  81  6:45  Roach x4  
  90  6:56  Hatchery  
  88  7:02  Roach x5  
  95  7:08  Roach  
  95  7:09  Drone  
  95  7:15  Hatchery  
  84  7:18  Drone x4  
  85  7:32  Zerg Missile Weapons Level 2  
  85  7:33  Zerg Ground Armor Level 2  
  85  7:34  Overlord  
  85  7:35  Roach  
  85  7:36  Roach x2  
  91  7:39  Drone  
  91  7:40  Drone x2  
  94  7:45  Drone x2  
  96  7:56  Roach  
  96  7:57  Roach x5  
  108  8:08  Queen  
  106  8:23  Roach x5  
  106  8:24  Overlord x3  
  114  8:30  Spore Crawler  
  114  8:31  Spore Crawler  
  112  8:37  Spore Crawler  
  109  8:43  Spore Crawler  
  108  8:55  Hydralisk Den  
  100  9:04  Queen  
  100  9:06  Roach  
  100  9:07  Roach x3  
  104  9:19  Drone x3  
  107  9:32  Hydralisk  
  107  9:33  Hydralisk  
  109  9:46  Hydralisk x4  
  117  9:55  Hydralisk  
  117  9:56  Hydralisk  
  121  10:04  Roach  
  121  10:05  Drone, Roach  
  124  10:16  Drone x4  
  116  10:34  Roach  
  116  10:35  Roach x4  
  126  10:45  Drone x3  
Tags
 
Add a new tag
Caveats
  • Supply blocks, unpowered buildings, or Contaminate may cause inaccurate times.
  • Supply counts are checked every 10 seconds.